 Dungeon Crawl Stone Soup version 0.28.0 (webtiles) character file.

Game seed: 12085241048562071784

21 lonewolfV2 the Ducker (level 2, -8/14 HPs)
             Began as a Felid Berserker on Feb 9, 2022.
             Was a Follower of Trog.
             Mangled by a worm (11 damage)
             ... on level 2 of the Dungeon.
             The game lasted 00:01:30 (690 turns).

lonewolfV2 the Ducker (Felid Berserker)              Turns: 690, Time: 00:01:30

Health: -8/14      AC:  1    Str: 13    XL:     2   Next: 62%
Magic:  3/3        EV: 20    Int:  8    God:    Trog [*.....]
Gold:   40         SH:  0    Dex: 21    Spells: 1/1 levels left
                                        Lives:  0   Deaths: 0

rFire   . . .      SeeInvis +     - Unarmed
rCold   . . .      Faith    .   (shield unavailable)
rNeg    . . .      Spirit   .   (armour unavailable)
rPois   .          Reflect  .   (helmet unavailable)
rElec   .          Harm     .   (cloak unavailable)
rCorr   .          Rampage  .   (gloves unavailable)
Will    .....                   (boots unavailable)
Stlth   ++........              (no amulet)
HPRegen 0.04/turn               f - +6 ring of dexterity
MPRegen 0.08/turn               (no ring)

@: lethally poisoned (-8 -> -11), quick
A: very small, claws 1, fangs 3, see invisible, speed 1, shaggy fur 1, stealthy
paws, no weapons or thrown items, no armour, multi-lived
a: Renounce Religion, Berserk


You were on level 2 of the Dungeon.
You worshipped Trog.
Trog was aware of your devotion.
You visited 1 branch of the dungeon, and saw 2 of its levels.

You collected 40 gold pieces.

Inventory:

Jewellery
 f - a +6 ring of dexterity (left paw)
Potions
 d - a potion of curing


   Skills:
 + Level 3.2 Fighting
 + Level 4.7 Dodging
 + Level 3.2 Unarmed Combat


You had one spell level left.
You didn't know any spells.
Your spell library was empty.

Dungeon Overview and Level Annotations

Branches:
Dungeon (2/15)

Altars:


Innate Abilities, Weirdness & Mutations

You have sharp claws.
You have razor-sharp teeth.
You have supernaturally acute eyesight. (SInv)
You cover ground quickly. (Speed+)
You are covered in fur. (AC +1)
Your paws help you pounce on unaware monsters.
You are incapable of wielding weapons or throwing items.
You cannot wear armour.
You gain extra lives every three experience levels.


Message History

The adder hisses angrily.
You hear an angry hiss.
A ball python comes into view.
You barely miss the hobgoblin. The hobgoblin hits you.
You scratch the hobgoblin.
The hobgoblin is heavily wounded.
The hobgoblin misses you.
You claw the hobgoblin!
You kill the hobgoblin!
Trog accepts your kill.
A dart slug comes into view.
You closely miss the ball python. The ball python closely misses you.
The ball python grabs you. The ball python constricts you.
You claw the ball python!
You kill the ball python!
Trog accepts your kill.
You closely miss the adder. The adder barely misses you.
You miss the adder. The adder closely misses you. The adder misses you.
You barely miss the adder. Your bite misses the adder.
The dart slug briefly extends its eye-stalks.
The adder bites you.
You scratch the adder. You bite the adder.
The adder is moderately wounded.
The adder bites you.
You are poisoned.
The adder poisons you!
You claw the adder!
You kill the adder!
Trog accepts your kill.
You feel sick.
You feel sick. The dart slug launches a dart at you. The slug dart hits you.
* * * LOW HITPOINT WARNING * * *
The worm barely misses you.
You claw the worm!
The worm is heavily wounded.
* * * LOW HITPOINT WARNING * * *
You feel sick. The dart slug misses you. The worm bites you!
Ouch! That really hurt!
You die...

## ## .. ... .# #.#
..... .#.# ...
########w#.#.#.
#......@w......
######.###..###.#.#.
####......# ##.#
#....###### #...
###### ###.. ##.# .


You could see a worm and a dart slug.

Vanquished Creatures
  An adder (D:2)
  An endoplasm (D:1)
  A goblin (D:1)
  2 hobgoblins
  2 quokkas (D:1)
  2 ball pythons
  A bat (D:1)
  A rat (D:1)
11 creatures vanquished.

Notes
Turn   | Place    | Note
-------+----------+-------------------------------------------
     0 | D:1      | lonewolfV2 the Felid Berserker began the quest for the Orb.
     0 | D:1      | Reached XP level 1. HP: 10/10 MP: 2/2
   470 | D:1      | Found a faded altar of an unknown god.
   538 | D:1      | Reached XP level 2. HP: 14/14 MP: 3/3
   690 | D:2      | Mangled by a worm

Illustrated notes

Levels and vault maps discovered:
D:1:      tarquinn_simple_flora_water_f, layout_rooms,
          shapermc_ecumenical_altar_ellora
D:2:      layout_rooms, basic_altar, serial_shops, nicolae_shop_statue_plus,
          st_stairs_12, uniq_jessica

Action                   || total
-------------------------++-------
Melee: Unarmed           ||    36
       Bite              ||     4
       Punch             ||     1
  Use: Scroll            ||     4
Dodge: Dodged            ||    32
